AoeStats
← Jar3p0

Arabia

507485153Analyzed
1v1 RM · 15d ago on Sep 18, 2026· 43m 29s· 2 players
Game mode
Random Map
Map size
Tiny (2 player)
Population
200
Speed
Normal
Resources
Standard
Victory
Conquest
Starting age
Dark Age
Ending age
Imperial Age
RankedLock teamsTeams togetherTeam positionsShared explorationLock speedFull tech treeHidden civsTurbo modeCheats
Victory
Defeat
🇩🇪 Malians · Germany
1246
+15
🇺🇸 Italians · United States
1228
-15
Jar3p0
7:35 Loom
9:59 Feudal Age
18:10 Castle Age
16:50 Fletching
26:53 Bodkin Arrow
28:51 Crossbowman
31:56 Scale Barding Armor
34:29 Chain Barding Armor
34:20 Forging
35:08 Thumb Ring
42:37 Imperial Age
40:33 Bloodlines
40:23 Double-Bit Axe
41:18 Husbandry
40:43 Light Cavalry
41:59 Pikeman
Yng_Triceratops
6:19 Loom
8:46 Feudal Age
8:52 Man-at-Arms
13:45 Fletching
15:17 Padded Archer Armor
22:49 Castle Age
27:05 Double-Bit Axe
27:55 Bodkin Arrow
28:17 Leather Archer Armor
27:56 Elite Skirmisher
29:38 Bow Saw
31:55 Horse Collar
33:17 Ballistics
35:19 Stone Mining
38:16 Imperial Age
37:28 Wheelbarrow
37:44 Gold Mining
38:30 Stone Shaft Mining
38:16 Scale Barding Armor
38:21 Forging
38:33 Hand Cart
38:48 Bloodlines
38:39 Husbandry
39:32 Gold Shaft Mining
38:55 Cavalier
40:44 Chain Barding Armor
41:59 Farimba
42:37 Plate Barding Armor
43:37 Ring Archer Armor
Connection lost

Rejoining the realm…

Still unreachable

The connection could not be restored.

Session expired

The server has moved on; the page needs a fresh start.